 Dungeon Crawl Stone Soup version 0.22-a0-246-gdc04c06 (webtiles) character file.

404 MatthieuS the Gusty (level 6, -1/35 HPs)
             Began as a Tengu Air Elementalist on Feb 22, 2018.
             Slain by a scorpion (7 damage)
             ... on level 4 of the Dungeon.
             The game lasted 00:09:08 (3122 turns).

MatthieuS the Gusty (Tengu Air Elementalist)        Turns: 3122, Time: 00:09:08

Health: -1/35      AC:  4    Str:  9    XL:     6   Next: 86%
Magic:  0/12       EV: 15    Int: 17    God:
Gold:   162        SH:  0    Dex: 14    Spells: 2/12 levels left

rFire    . . .     SeeInvis .   a - +0 spear
rCold    . . .     Gourm    .   (no shield)
rNeg     . . .     Faith    .   d - +0 leather armour
rPois    .         Spirit   .   (helmet restricted)
rElec    .         Reflect  .   g - +0 cloak
rCorr    .         Harm     .   (no gloves)
MR       .....                  (boots unavailable)
Stlth    ++........             c - amulet of regeneration
HPRegen  0.51/turn              (no ring)
MPRegen  0.13/turn              (no ring)

@: lethally poisoned (-1 -> -2), flying quickly and evasively, quick
A: beak, talons 3, able to fly 1
a: no special abilities


You were on level 4 of the Dungeon.
You were hungry.

You visited 1 branch of the dungeon, and saw 4 of its levels.

You collected 162 gold pieces.

Inventory:

Hand Weapons
 a - a +0 spear (weapon)
 w - a +2 blowgun
Missiles
 p - 42 poisoned needles
Armour
 d - a +0 leather armour (worn)
 g - a +0 cloak (worn)
Jewellery
 c - an amulet of regeneration (around neck)
Scrolls
 e - 3 scrolls of teleportation
 f - 5 scrolls of remove curse
 l - 2 scrolls of enchant armour
Potions
 k - a potion of agility {unknown}
 q - a potion of haste {unknown}
Comestibles
 b - 4 rations


   Skills:
 + Level 2.2 Fighting
 + Level 3.5 Dodging
 - Level 3.0 Stealth
 * Level 3.9 Spellcasting
 + Level 3.6 Conjurations
 + Level 5.3 Air Magic


You had 2 spell levels left.
You knew the following spells:

 Your Spells              Type           Power        Failure   Level  Hunger
a - Shock                 Conj/Air       ###.         3%          1    None
b - Swiftness             Chrm/Air       ##......     12%         2    ##.....
c - Static Discharge      Conj/Air       ###.....     11%         3    ###....
d - Airstrike             Air            ###.......   26%         4    ####...


Dungeon Overview and Level Annotations

Branches:
Dungeon (4/15)
 Temple: D:4-7

Altars:
Nemelex Xobeh
Okawaru
The Shining One


Innate Abilities, Weirdness & Mutations

You have a beak for a mouth.
You have claws for feet.
You can fly.


Message History

You feel very buoyant.
You swoop lightly up into the air.
You feel sick. The scorpion barely misses you.
You completely miss the scorpion.
The scorpion is severely wounded.
You feel sick. The scorpion stings you.
* * * LOW HITPOINT WARNING * * *
You closely miss the scorpion.
You claw the scorpion, but do no damage.
The scorpion is severely wounded.
You feel sick. The scorpion misses you.
Casting: Static Discharge (safe; 11% risk of failure)
Confirm with . or Enter, or press ? or * to list all spells.
Aiming: Shock (safe; 3% risk of failure)
Press: ? - help, Shift-Dir - straight line, f/p - scorpion
Aim: a scorpion (heavily wounded)
The zap hits the scorpion.
The scorpion is almost dead.
You feel sick. The scorpion stings you!
You die...

###... ###. ## ######
#####.....
.##############.....####
......s@........###..##.
......########### ##....
..... #..... .... #.....
### #..... #..... #..._.
##.... #....


You could see a scorpion.

Vanquished Creatures
  Sigmund (D:2)
  A hound (D:3)
  An orc wizard (D:3)
  Natasha (D:3)
  Terence (D:3)
  A howler monkey skeleton (D:4)
  6 adders
  2 oozes
  A worm (D:2)
  A leopard gecko (D:3)
  4 orcs
  7 bats
  7 giant cockroaches
  11 goblins
  8 hobgoblins
  3 frilled lizards
  A jackal skeleton (D:4)
  4 kobolds
  5 rats
66 creatures vanquished.

Notes
Turn   | Place    | Note
-------+----------+-------------------------------------------
     0 | D:1      | MatthieuS the Tengu Air Elementalist began the quest for the Orb.
     0 | D:1      | Reached XP level 1. HP: 10/10 MP: 4/4
   440 | D:1      | Reached XP level 2. HP: 10/15 MP: 0/6
   979 | D:2      | Reached XP level 3. HP: 15/20 MP: 4/7
  1168 | D:2      | Noticed Sigmund
  1184 | D:2      | Killed Sigmund
  1184 | D:2      | Reached skill level 1 in Fighting
  1184 | D:2      | Reached XP level 4. HP: 22/26 MP: 1/9
  1184 | D:2      | Gained mutation: You can fly. [Tengu growth]
  1184 | D:2      | Reached XP level 5. HP: 26/30 MP: 1/10
  1654 | D:2      | Reached skill level 5 in Air Magic
  1654 | D:2      | Reached XP level 6. HP: 12/35 MP: 10/12
  1663 | D:2      | Learned a level 2 spell: Swiftness
  1667 | D:2      | Learned a level 3 spell: Static Discharge
  1924 | D:3      | Noticed Terence
  1932 | D:3      | Killed Terence
  2575 | D:3      | Noticed Natasha
  2582 | D:3      | Killed Natasha
  2677 | D:3      | Found an iron altar of Okawaru.
  3015 | D:4      | Learned a level 4 spell: Airstrike
  3076 | D:4      | Found a glowing golden altar of the Shining One.
  3081 | D:4      | Found a sparkling altar of Nemelex Xobeh.
  3122 | D:4      | Slain by a scorpion

Vault maps used:
D:1:      dpeg_arrival_pond, minmay_octomino_c4
D:2:      uniq_sigmund
D:3:      first_ration, okawaru_ov_weapons_minmay, uniq_natasha, uniq_terence
D:4:      grunt_temple_overflow_open, kennysheep_generic_room_16, uniq_robin,
          uniq_edmund, uniq_eustachio

Skill      XL: |  1  2  3  4  5  6 |
---------------+-------------------+-----
Conjurations   | 2 3 |  3.6
Fighting       | 1 2 |  2.2
Dodging        | 3 |  3.5
Spellcasting   | 3 |  3.9
Stealth        | 3 |  3.0
Air Magic      | 5 |  5.3

Action                   |  1- 3 |  4- 6 || total
-------------------------+-------+-------++-------
Melee: Spear             |    17 |    92 ||   109
       Kick              |     4 |    17 ||    21
       Peck              |       |    10 ||    10
 Cast: Shock             |    38 |    67 ||   105
       Static Discharge  |       |     5 ||     5
  Use: Potion            |     1 |     1 ||     2
       Scroll            |       |     9 ||     9
 Stab: Sleeping          |     3 |     6 ||     9
  Eat: Chunk             |     1 |     6 ||     7
Armor: Leather armour    |     7 |    10 ||    17
Dodge: Dodged            |    23 |    67 ||    90

Table legend:
 A = Spawn XP
 B = Non-spawn XP
 C = Spawn XP percentage of total XP
 D = Spawn monster count
 E = Non-spawn monster count
 F = Spawn count percentage of total count
 G = Total turns spent on level
                    A         B        C        D         E        F      G
               +---------+---------+-------+---------+---------+-------+---------
         Total |       0 |     578 |   0.0 |       0 |      66 |   0.0 |  3122
               +---------+---------+-------+---------+---------+-------+---------
           D:1 |       0 |      27 |   0.0 |       0 |      17 |   0.0 |   969
           D:2 |       0 |     306 |   0.0 |       0 |      23 |   0.0 |   955
           D:3 |       0 |     219 |   0.0 |       0 |      22 |   0.0 |  1046
           D:4 |       0 |      26 |   0.0 |       0 |       4 |   0.0 |   152
               +---------+---------+-------+---------+---------+-------+---------
